 Dungeon Crawl Stone Soup version 0.20.1-1-g8b1a95d (webtiles) character file.

80 Vno the Conjurer (level 4, 0/30 HPs)
             Began as a Human Conjurer on Nov 6, 2017.
             Was an Initiate of Vehumet.
             Slain by an iguana (1 damage)
             ... on level 3 of the Dungeon.
             The game lasted 00:09:54 (2522 turns).

Vno the Conjurer (Human Conjurer)                   Turns: 2522, Time: 00:09:55

Health: 0/30       AC:  5    Str:  8    XL:     4   Next: 65%
Magic:  0/7        EV: 12    Int: 16    God:    Vehumet [......]
Gold:   191        SH:  0    Dex: 14    Spells: 5/8 levels left

rFire    . . .     SeeInvis .   e - +0 short sword
rCold    . . .     Gourm    .   (no shield)
rNeg     . . .     Faith    .   a - +0 robe
rPois    .         Spirit   +   (no helmet)
rElec    .         Reflect  .   p - scarf {Spirit}
rCorr    +         Harm     .   (no gloves)
MR       .....                  (no boots)
Stlth    ++........             (no amulet)
Regen    0.1/turn               o - +3 ring of protection
MPRegen  0.1/turn               s - ring of resist corrosion

@: no status effects
A: no striking features
a: Renounce Religion


You were on level 3 of the Dungeon.
You worshipped Vehumet.
Vehumet was noncommittal.
You were not hungry.

You visited 1 branch of the dungeon, and saw 3 of its levels.

You collected 191 gold pieces.

Inventory:

Hand Weapons
 e - a +0 short sword (weapon)
Missiles
 k - 2 throwing nets (quivered)
Armour
 a - a +0 robe (worn)
 f - a +0 leather armour
 p - a scarf of spirit shield (worn)
Jewellery
 o - a +3 ring of protection (left hand)
 s - a ring of resist corrosion (right hand)
Scrolls
 g - 3 scrolls of remove curse {unknown}
 i - 3 scrolls of blinking {unknown}
 j - a scroll of enchant weapon {unknown}
 l - 3 scrolls of teleportation {unknown}
 q - a scroll of identify {unknown}
Potions
 h - a potion of agility {unknown}
 m - a potion of magic {unknown}
 n - a potion of resistance {unknown}
 r - a potion of degeneration {unknown}
 t - a potion of curing {unknown}
Books
 b - a book of Conjurations

   Spells                             Type                      Level
   a - Magic Dart                     Conjuration                  1
   b - Searing Ray                    Conjuration                  2
   c - Dazzling Spray                 Conjuration/Hexes            3
   d - Fulminant Prism                Conjuration/Hexes            4
   e - Force Lance                    Conjuration/Translocation    4
   f - Iskenderun's Mystic Blast      Conjuration                  4
Comestibles
 c - 2 bread rations
 d - 2 meat rations


   Skills:
 + Level 1.1 Short Blades
 + Level 2.1 Dodging
 + Level 2.5 Stealth
 + Level 2.6 Spellcasting
 + Level 4.8 Conjurations


You had 5 spell levels left.
You knew the following spells:

 Your Spells              Type           Power        Failure   Level  Hunger
a - Magic Dart            Conj           ###.         2%          1    #......
b - Searing Ray           Conj           ###...       4%          2    ##.....


Dungeon Overview and Level Annotations

Branches:
Dungeon (3/15)

Altars:
Fedhas
Kikubaaqudgha
Vehumet
Zin


Message History

Aim: an iguana (severely wounded)
The magic dart hits the iguana.
The iguana is severely wounded.
The iguana closely misses you.
Casting: Magic Dart
Confirm with . or Enter, or press ? or * to list all spells.
You don't have enough magic to cast that spell.
Unknown command.
You hit the iguana but do no damage.
The iguana is severely wounded.
The iguana bites you!
* * * LOW HITPOINT WARNING * * *
You hit the iguana but do no damage.
The iguana is severely wounded.
The iguana bites you.
* * * LOW HITPOINT WARNING * * *
You hit the iguana.
The iguana is almost dead.
The iguana bites you.
You die...

.# .# $# .# .# .# #. .#
##########..
.#######).......#.#
................#.#
.........######.#.######
.######### #.@....... .#
#.#l###### ## #)#.#
#.#.# #.#.# #.#.# ....#
#. ##


You could see an iguana.

Vanquished Creatures
  3 adders (D:2)
  A worm (D:2)
  A leopard gecko (D:1)
  An orc (D:3)
  2 ball pythons (D:2)
  2 giant cockroaches (D:2)
  4 goblins
  4 hobgoblins
  6 jackals (D:2)
  A quokka (D:2)
  8 bats
  5 frilled lizards (D:1)
  4 kobolds
  4 rats
46 creatures vanquished.

Vanquished Creatures (others)
  A human (D:2)
1 creature vanquished.

Grand Total: 47 creatures vanquished

Notes
Turn   | Place    | Note
-------+----------+-------------------------------------------
     0 | D:1      | Vno the Human Conjurer began the quest for the Orb.
     0 | D:1      | Reached XP level 1. HP: 13/13 MP: 3/3
   186 | D:1      | Reached XP level 2. HP: 19/19 MP: 0/5
   895 | D:1      | Learned a level 2 spell: Searing Ray
   995 | D:1      | Reached XP level 3. HP: 24/24 MP: 3/6
  1253 | D:2      | Reached XP level 4. HP: 20/30 MP: 4/7
  1582 | D:2      | Found an ancient bone altar of Kikubaaqudgha.
  1585 | D:2      | Found a blossoming altar of Fedhas.
  1956 | D:2      | Found a glowing silver altar of Zin.
  1968 | D:2      | Found a radiant altar of Vehumet.
  2033 | D:2      | Reached skill level 1 in Short Blades
  2091 | D:2      | Became a worshipper of Vehumet
  2257 | D:2      | Found an ancient bone altar of Kikubaaqudgha.
  2259 | D:2      | Noticed a human
  2260 | D:2      | Killed a human
  2521 | D:3      | HP: 1/30 [iguana (6)]
  2522 | D:3      | Slain by an iguana

Skill      XL: |  1  2  3  4 |
---------------+-------------+-----
Short Blades   | 1 |  1.1
Dodging        | |  2.1
Stealth        | |  2.5
Spellcasting   | |  2.6
Conjurations   | |  4.8

Action                   |  1- 3 |  4- 6 || total
-------------------------+-------+-------++-------
Melee: Short sword       |    33 |    53 ||    86
 Cast: Magic Dart        |    30 |    46 ||    76
       Searing Ray       |       |     3 ||     3
 Stab: Sleeping          |     2 |       ||     2
  Eat: Chunk             |     1 |     5 ||     6
Armor: Robe              |     6 |    14 ||    20
Dodge: Dodged            |    31 |    37 ||    68
